 Dungeon Crawl Stone Soup version 0.17-a0-1850-g688e747 (webtiles) character file.

70 wvc the Insei (level 4, -7/28 HPs)
             Began as an Octopode Transmuter on Sept 19, 2015.
             Mangled by an ogre
             ... wielding a +0 giant spiked club
              (26 damage)
             ... on level 3 of the Dungeon.
             The game lasted 00:03:37 (2036 turns).

wvc the Insei (Octopode Transmuter)                 Turns: 2036, Time: 00:03:37

Health: -7/28      AC:  2    Str:  9    XL:     4   Next: 21%
Magic:  5/8        EV: 19    Int: 16    God:
Gold:   63         SH:  0    Dex: 17    Spells: 3 memorised, 2 levels left

rFire  . . .     SeeInvis .       - Unarmed
rCold  . . .     Clarity  .     (shield currently unavailable)
rNeg   . . .     SustAt   .     (helmet currently unavailable)
rPois  x         Gourm    .     (no amulet)
rElec  .         Spirit   .     (no ring)
rCorr  .         Warding  .     (no ring)
rMut   .         Stasis   .     (no ring)
MR     .....                    (no ring)
Stlth  ++........               (no ring)
                                (no ring)
                                (no ring)
                                (no ring)

@: spider-form, not resistant to hostile enchantments, unstealthy
A: almost no armour, amphibious, 8 rings, (constrict 8), (camouflage 0),
(gelatinous body 0)
a: End Transformation


You were on level 3 of the Dungeon.
You were not hungry.
You were a venomous arachnid creature.
You visited 1 branch of the dungeon, and saw 3 of its levels.

You collected 63 gold pieces.

Inventory:

Missiles
 a - 32 arrows
Jewellery
 k - an uncursed ring of magical power {unknown}
Magical devices
 e - a wand of digging (6)
Scrolls
 g - a scroll of magic mapping
 i - a scroll of amnesia
Potions
 d - a potion of cancellation {unknown}
 j - a potion of magic {unknown}
 l - 2 potions of berserk rage {unknown}
Books
 b - a book of Changes

   Spells                             Type                      Level
   a - Beastly Appendage              Transmutation                1
   b - Sticks to Snakes               Transmutation                2
   c - Spider Form                    Transmutation/Poison         3
   d - Ice Form                       Ice/Transmutation            4
   e - Blade Hands                    Transmutation                5
Comestibles
 c - 2 bread rations
 f - 3 meat rations
 h - 3 chunks of flesh


   Skills:
 - Level 1.0 Fighting
 - Level 2.0 Dodging
 - Level 3.0 Unarmed Combat
 - Level 2.6 Spellcasting
 - Level 2.8 Transmutations
 * Level 2.7 Poison Magic


You had 2 spell levels left.
You knew the following spells:

 Your Spells              Type           Power        Failure   Level  Hunger
a - Beastly Appendage     Trmt           ##....       21%         1    #......
b - Spider Form           Trmt/Pois      ##........   41%         3    ###....
c - Sticks to Snakes      Trmt           ##........   24%         2    ##.....


Dungeon Overview and Level Annotations

Branches:
Dungeon (3/15)

Altars:
Ashenzari


Innate Abilities, Weirdness & Mutations

You cannot wear most types of armour.
You are amphibious.
You can wear up to eight rings at the same time.
((You can use your tentacles to constrict eight enemies at once.))
((Your skin changes colour to match your surroundings (Stealth).))
((Your rubbery body absorbs attacks (AC +1).))


Message History

h - 4 chunks of flesh (gained 1)
You see here a rat skeleton.
Eat one of 4 chunks of flesh? (ye/n/q/i?) This raw flesh tastes terrible.
You continue eating. x2
You start resting.
Magic restored.
You start resting.
An ogre comes into view. It is wielding a giant spiked club.
Casting: Spider Form
Confirm with . or Enter, or press ? or * to list all spells.
You turn into a venomous arachnid creature.
The ogre shouts!
You hit the ogre but do no damage.
The ogre is poisoned.
The ogre barely misses you.
You hit the ogre but do no damage.
The ogre is lightly wounded.
The ogre hits you with a giant spiked club!!
Ouch! That really hurt!
You die...

#..# #..# ## #..# .# .
#..##.# .. #####.....#
... #####.........# ....
#.......#.....#
$....######.###...#.....#
......(Os÷..# #######...#
####...[(...+ ........###
#..).....# ######.....
#........# #..##.
########## #...#. ###..#.
#....## #.#...# ...#.#.#


You could see an ogre.

Vanquished Creatures
  Ijyb (D:3)
  An adder (D:2)
  A giant gecko (D:3)
  A ball python (D:1)
  A giant cockroach (D:1)
  5 hobgoblins
  2 jackals (D:2)
  7 kobolds
  A quokka (D:1)
  4 bats
  3 giant newts
  3 goblins
  2 rats (D:3)
32 creatures vanquished.

Notes
Turn   | Place    | Note
--------------------------------------------------------------
     0 | D:1      | wvc the Octopode Transmuter began the quest for the Orb.
     0 | D:1      | Reached XP level 1. HP: 13/13 MP: 3/3
   333 | D:1      | Reached XP level 2. HP: 18/18 MP: 3/5
  1120 | D:2      | Reached XP level 3. HP: 12/23 MP: 5/7
  1395 | D:2      | Learned a level 3 spell: Spider Form
  1401 | D:2      | Found a shattered altar of Ashenzari.
  1816 | D:2      | Reached skill level 1 in Poison Magic
  1871 | D:3      | Learned a level 2 spell: Sticks to Snakes
  1963 | D:3      | Noticed Ijyb
  1975 | D:3      | Killed Ijyb
  1975 | D:3      | Reached XP level 4. HP: 13/28 MP: 5/8
  2032 | D:3      | Noticed an ogre
  2036 | D:3      | Mangled by an ogre

Vault maps used:
D:1:      elethiomel_arrival_shortcut
D:2:      old_standard_altar
D:3:      first_bread, minmay_liquid_box, minmay_statues_item, uniq_iyjb

Action                   |  1- 3 |  4- 6 || total
-------------------------+-------+-------++-------
Melee: Unarmed           |    81 |     3 ||    84
 Cast: Beastly Appendage |    23 |       ||    23
       Spider Form       |     1 |     1 ||     2
  Use: Scroll            |     3 |       ||     3
 Stab: Sleeping          |     4 |       ||     4
  Eat: Chunk             |     3 |     1 ||     4
